 Dungeon Crawl Stone Soup version 0.28-a0-793-g31680bbd8b (webtiles) character file.

Game seed: 14051244772065588543

31 sanka the Chopper (level 3, 0/31 HPs)
             Began as a Palentonga Cinder Acolyte on Nov 4, 2021.
             Was a High Priest of Ignis.
             Slain by an adder (2 damage)
             ... on level 2 of the Dungeon.
             The game lasted 00:01:01 (905 turns).

sanka the Chopper (Palentonga Cinder Acolyte)        Turns: 905, Time: 00:01:02

Health: 0/31       AC:  4    Str: 18    XL:     3   Next: 7%
Magic:  4/4        EV:  9    Int: 14    God:    Ignis [*****.]
Gold:   72         SH:  0    Dex:  5    Spells: 4/4 levels left

rFire   + . .      SeeInvis +   a - -1 hand axe (flame)
rCold   . . .      Faith    .   (no shield)
rNeg    . . .      Spirit   .   b - +0 robe
rPois   .          Reflect  .   (no helmet)
rElec   .          Harm     .   (no cloak)
rCorr   .          Rampage  .   (no gloves)
Will    .....                   (no barding)
Stlth   +.........              (no amulet)
HPRegen 0.10/turn               (no ring)
MPRegen 0.09/turn               (no ring)

@: lethally poisoned (0 -> -3)
A: large, rugged brown scales 3, see invisible, deformed body, roll 1, armoured
tail
a: Rolling Charge, Renounce Religion, Sea of Fire, Foxfire Swarm, Rising Flame


You were on level 2 of the Dungeon.
You worshipped Ignis.
Ignis was extremely pleased with you.
You visited 1 branch of the dungeon, and saw 2 of its levels.

You collected 72 gold pieces.


Innate Abilities, Weirdness & Mutations

You are completely covered in rugged brown scales. (AC +3, +7% HP)
You have supernaturally acute eyesight. (SInv)
Armour fits poorly on your strangely shaped body.
You can roll at nearby foes to attack.
You have a long armoured tail.


   Skills:
 - Level 3.0 Fighting
 + Level 4.2 Axes
 - Level 1.0 Spellcasting
 - Level 2.4 Fire Magic


You had 4 spell levels left.
You didn't know any spells.
Your spell library contained the following spells:

 Spells                   Type           Power      Damage    Failure   Level
 Scorch                   Fire           14%        2d6       16%         2

Inventory:

Hand Weapons
 a - a -1 hand axe of flaming (weapon)
Armour
 b - a +0 robe (worn)
Scrolls
 d - a scroll of vulnerability {unknown}
 e - a scroll of amnesia {unknown}
 f - 2 scrolls of identify {unknown}
Potions
 c - a potion of curing {unknown}
 g - a potion of haste {unknown}

Dungeon Overview and Level Annotations

Branches:
Dungeon (2/15)

Altars:

.▒▒▒▒▒▒▒▒▒▒▒▒▒▒▒▒
.▒▒.............▒
.▒▒.▒▒▒▒▒▒▒▒▒▒▒.▒
.▒▒.▒▒ ▒.▒
)▒...▒▒▒▒▒▒ ▒.▒ ▒
...▒......▒ ▒.▒
.▒ ▒▒...▒▒▒▒.▒
▒.▒▒▒..▒▒▒ ▒▒.▒▒
▒.▒▒▒▒▒.........
▒.▒
▒.......HS...▒▒
▒.▒
▒▒▒▒▒.▒....▒▒▒
▒.▒ ▒.▒.▒.▒▒ ▒..
....▒.▒ ▒▒
▒▒.▒▒▒.▒ ▒. .▒ ▒.
.. ▒. ▒▒


You could see an adder.


Message History

Unknown command.
You barely miss the adder.
Your tail-slap misses the adder.
The adder is severely wounded.
The adder bites you.
* * * LOW HITPOINT WARNING * * *
You are lethally poisoned!
The adder poisons you! The adder misses you.
You closely miss the adder.
The adder is severely wounded.
* * * LOW HITPOINT WARNING * * *
You feel sick. The adder bites you but does no damage.
Unknown command.
You hit the adder. You burn the adder.
The adder is almost dead.
* * * LOW HITPOINT WARNING * * *
You feel sick. The adder bites you but does no damage.
The adder closely misses you.
Unknown command.
You hit the adder but do no damage.
Your tail-slap misses the adder.
The adder is almost dead.
* * * LOW HITPOINT WARNING * * *
You feel sick. The adder bites you.
You die...

Action                   || total
-------------------------++-------
Melee: Hand axe          ||    60
       Tailslap          ||     5
Armor: Robe              ||    18
Dodge: Dodged            ||    25

Levels and vault maps discovered:
D:1:      lightli_arrival_noodles, layout_loops_ring,
          shapermc_ecumenical_altar_mp_ritualfount, minivault_19
D:2:      layout_loops_ring, serial_shops, nicolae_shop_crystal

Notes
Turn   | Place    | Note
-------+----------+-------------------------------------------
     0 | D:1      | sanka the Palentonga Cinder Acolyte began the quest for the
                  | Orb.
     0 | D:1      | Reached XP level 1. HP: 19/19 MP: 2/2
   119 | D:1      | Reached XP level 2. HP: 25/25 MP: 3/3
   416 | D:1      | Found a faded altar of an unknown god.
   443 | D:1      | Reached skill level 4 in Axes
   885 | D:2      | Reached XP level 3. HP: 11/31 MP: 4/4
   904 | D:2      | HP: 3/31 [poisoned by an adder]
   905 | D:2      | Slain by an adder

Vanquished Creatures
  A worm (D:2)
  2 dart slugs (D:1)
  3 ball pythons (D:1)
  2 endoplasms (D:1)
  2 giant cockroaches
  A goblin (D:1)
  3 hobgoblins
  2 kobolds (D:1)
  A quokka (D:1)
  6 rats
23 creatures vanquished.

Vanquished Creatures (others)
  A plant (D:1)
1 creature vanquished.

Grand Total: 24 creatures vanquished
